ORI
LOUISIANA STATE UNIVERSITY TIGERS @ UNIVERSITY OF MINNESOTA GOLDEN GOPHERS
07/30/2044
 
TOP OF THE 1ST
Louisiana State University Tigers batting - Pitching for University of Minnesota Golden Gophers : RHP Julio Trejo
Pitching: RHP Julio Trejo
Batting: SHB Emmet Brickowski 0-0: Called Strike
0-1: Fly out, F5 (Flyball, 5D, EV 88.1 MPH)
Batting: RHB Richard Saquic 0-0: Ball
1-0: Called Strike
1-1: Ball
2-1: Foul Ball, location: 2F
2-2: SINGLE (Groundball, 4D, EV 103.8 MPH)
Batting: RHB Andy Jamison 0-0: Called Strike
0-1: Ball
1-1: Foul Ball, location: 2F
1-2: Ball
2-2: Foul Ball, location: 2F
2-2: Foul Ball, location: 2F
2-2: Strikes out looking
Batting: LHB Lourens Aukema 0-0: Ball
1-0: Ball
2-0: Called Strike
2-1: Swinging Strike
2-2: Strikes out swinging
Top of the 1st over - 0 runs, 1 hit, 0 errors, 1 left on base; Louisiana State University 0 - University of Minnesota 0
BOTTOM OF THE 1ST
University of Minnesota Golden Gophers batting - Pitching for Louisiana State University Tigers : LHP Rob Hymowitz
Pitching: LHP Rob Hymowitz
Batting: RHB Archer McDowell 0-0: Called Strike
0-1: Ball
1-1: Swinging Strike
1-2: Foul Ball, location: 2F
1-2: Ball
2-2: Ball
3-2: Foul Ball, location: 2F
3-2: Foul Ball, location: 2F
3-2: Strikes out swinging
Batting: RHB Eric Tesler 0-0: Called Strike
0-1: Ball
1-1: Foul Ball, location: 2F
1-2: Foul Ball, location: 2F
1-2: Foul Ball, location: 2F
1-2: Foul Ball, location: 2F
1-2: Ball
2-2: Strikes out swinging
Batting: RHB Alex Cardenas 0-0: SOLO HOME RUN (Flyball, 78XD, EV 115.0 MPH), Distance : 453 ft
Batting: RHB Jorge Martinez 0-0: Ball
1-0: Called Strike
1-1: Foul Ball, location: 2F
1-2: Ball
2-2: Strikes out swinging
Bottom of the 1st over - 1 run, 1 hit, 0 errors, 0 left on base; Louisiana State University 0 - University of Minnesota 1
TOP OF THE 2ND
Louisiana State University Tigers batting - Pitching for University of Minnesota Golden Gophers : RHP Julio Trejo
Batting: RHB Andy Marinez 0-0: Foul Ball, location: 2F
0-1: Ball
1-1: Called Strike
1-2: Hit by Pitch
Batting: RHB Warren Carmichael 0-0: Ball
1-0: Called Strike
1-1: Foul Ball, location: 2F
1-2: Ball
2-2: Strikes out swinging
Batting: RHB Dennis Cox 0-0: Called Strike
0-1: Foul Ball, location: 2F
0-2: Ball
1-2: Strikes out swinging
Batting: SHB Jose Melendez 0-0: Ball
1-0: Foul Ball, location: 2F
1-1: Swinging Strike
1-2: Strikes out swinging
Top of the 2nd over - 0 runs, 0 hits, 0 errors, 1 left on base; Louisiana State University 0 - University of Minnesota 1
BOTTOM OF THE 2ND
University of Minnesota Golden Gophers batting - Pitching for Louisiana State University Tigers : LHP Rob Hymowitz
Batting: RHB Rory Cobb 0-0: Foul Ball, location: 2F
0-1: Foul Ball, location: 2F
0-2: Fly out, F9 (Flyball, 9, EV 97.5 MPH)
Batting: RHB Curtis Montgomery 0-0: Ball
1-0: Ball
2-0: Ball
3-0: Base on Balls
Batting: SHB Chris Arra 0-0: Ball
1-0: Called Strike
1-1: Fielders Choice at 2nd, 6-4 (Groundball, 6, EV 93.8 MPH)
Batting: RHB Rodolfo Cosme 0-0: Ball
1-0: Ball
2-0: Fielders Choice at 2nd, 5-4 (Groundball, 56, EV 88.8 MPH)
Bottom of the 2nd over - 0 runs, 0 hits, 0 errors, 1 left on base; Louisiana State University 0 - University of Minnesota 1
TOP OF THE 3RD
Louisiana State University Tigers batting - Pitching for University of Minnesota Golden Gophers : RHP Julio Trejo
Batting: SHB Eric Pendergast 0-0: Called Strike
0-1: Swinging Strike
0-2: Ball
1-2: Strikes out swinging
Batting: SHB Emmet Brickowski 0-0: Ball
1-0: SINGLE (Groundball, 6S, EV 75.6 MPH) (infield hit)
Batting: RHB Richard Saquic 0-0: Called Strike
0-1: Ball
1-1: Ball
2-1: Called Strike
Emmet Brickowski steals 2nd base
2-2: Fly out, F5 (Flyball, 5D, EV 80.6 MPH)
Batting: RHB Andy Jamison 0-0: Ball
1-0: Fly out, F4 (Line Drive, 4, EV 68.1 MPH)
Top of the 3rd over - 0 runs, 1 hit, 0 errors, 1 left on base; Louisiana State University 0 - University of Minnesota 1
BOTTOM OF THE 3RD
University of Minnesota Golden Gophers batting - Pitching for Louisiana State University Tigers : LHP Rob Hymowitz
Batting: RHB Doug Gagliardi 0-0: Called Strike
0-1: Foul Ball, location: 2F
0-2: Strikes out swinging
Batting: RHB Archer McDowell 0-0: Foul Ball, location: 2F
0-1: Ball
1-1: Foul Ball, location: 2F
1-2: Fly out, F9 (Flyball, 9, EV 88.1 MPH)
Batting: RHB Eric Tesler 0-0: Called Strike
0-1: Ball
1-1: Foul Ball, location: 2F
1-2: Strikes out swinging
Bottom of the 3rd over - 0 runs, 0 hits, 0 errors, 0 left on base; Louisiana State University 0 - University of Minnesota 1
TOP OF THE 4TH
Louisiana State University Tigers batting - Pitching for University of Minnesota Golden Gophers : RHP Julio Trejo
Batting: LHB Lourens Aukema 0-0: Called Strike
0-1: Fly out, F6 (Popup, 15S, EV 88.1 MPH)
Batting: RHB Andy Marinez 0-0: Foul Ball, location: 2F
0-1: Ball
1-1: Swinging Strike
1-2: Ball
2-2: Strikes out swinging
Batting: RHB Warren Carmichael 0-0: Ground out 4-3 (Groundball, 4, EV 105.0 MPH)
Top of the 4th over - 0 runs, 0 hits, 0 errors, 0 left on base; Louisiana State University 0 - University of Minnesota 1
BOTTOM OF THE 4TH
University of Minnesota Golden Gophers batting - Pitching for Louisiana State University Tigers : LHP Rob Hymowitz
Batting: RHB Alex Cardenas 0-0: Called Strike
0-1: Foul Ball, location: 2F
0-2: Foul Ball, location: 2F
0-2: Ball
1-2: Ball
2-2: Foul Ball, location: 2F
2-2: Fly out, F4 (Flyball, 34D, EV 80.0 MPH)
Batting: RHB Jorge Martinez 0-0: Called Strike
0-1: Called Strike
0-2: Ball
1-2: Ball
2-2: Foul Ball, location: 2F
2-2: Ball
3-2: Base on Balls
Batting: RHB Rory Cobb 0-0: Called Strike
Jorge Martinez is caught stealing 2nd base 2-4
0-1: Foul Ball, location: 2F
0-2: Fly out, F3 (Popup, 3F, EV 64.4 MPH)
Bottom of the 4th over - 0 runs, 0 hits, 0 errors, 0 left on base; Louisiana State University 0 - University of Minnesota 1
TOP OF THE 5TH
Louisiana State University Tigers batting - Pitching for University of Minnesota Golden Gophers : RHP Julio Trejo
Pitching: RHP David Stewart
Pinch Hitting: RHB David Lobacz 0-0: Foul Ball, location: 2F
0-1: Ball
1-1: Ball
2-1: Ball
3-1: Swinging Strike
3-2: Ground out U3 (Groundball, 34S, EV 85.0 MPH)
Batting: SHB Jose Melendez 0-0: Ball
1-0: DOUBLE (Line Drive, 7LS, EV 102.5 MPH)
Batting: SHB Eric Pendergast 0-0: Ground out 4-3 (Groundball, 34, EV 95.6 MPH)
Jose Melendez to third
Batting: SHB Emmet Brickowski 0-0: Ball
1-0: Ball
2-0: Foul Ball, location: 2F
2-1: SINGLE (Groundball, 34S, EV 67.5 MPH) (infield hit)
Jose Melendez scores
Batting: RHB Richard Saquic 0-0: Ball
1-0: Foul Ball, location: 2F
1-1: Ball
2-1: Ball
3-1: Base on Balls
Emmet Brickowski to second
Batting: RHB Andy Jamison 0-0: Ball
1-0: Swinging Strike
1-1: Ball
2-1: Ball
3-1: Base on Balls
Emmet Brickowski to third
Richard Saquic to second
Pinch Hitting: SHB Noah Long 0-0: Ball
1-0: Called Strike
1-1: Ball
2-1: Ball
3-1: Base on Balls
Emmet Brickowski scores
Richard Saquic to third
Andy Jamison to second
Batting: RHB Andy Marinez 0-0: Ball
1-0: Foul Ball, location: 2F
1-1: Foul Ball, location: 2F
1-2: Ball
2-2: Strikes out swinging
Top of the 5th over - 2 runs, 2 hits, 0 errors, 3 left on base; Louisiana State University 2 - University of Minnesota 1
BOTTOM OF THE 5TH
University of Minnesota Golden Gophers batting - Pitching for Louisiana State University Tigers : LHP Rob Hymowitz
Pitching: RHP Gerardo Guerra
Now in LF: Francisco Ruiz
Now in RF: Garrett Moreau
Batting: RHB Curtis Montgomery 0-0: Ball
1-0: DOUBLE (Line Drive, 7LM, EV 100.0 MPH)
Batting: SHB Chris Arra 0-0: Ball
1-0: Swinging Strike
1-1: Ground out U3 (Groundball, 3, EV 88.1 MPH)
Curtis Montgomery to third
Pinch Hitting: RHB Alex Padilla Squeeze bunt is on, Curtis Montgomery is out
0-1: TRIPLE (Flyball, 78XD, EV 110.6 MPH)
Pinch Hitting: RHB Fernando Sosa 0-0: Ball
1-0: Called Strike
1-1: Foul Ball, location: 2F
1-2: Foul Ball, location: 2F
1-2: Ball
2-2: SINGLE (Line Drive, 9S, EV 105.6 MPH)
Alex Padilla scores
Pinch Hitting: LHB Nick Alston 0-0: Called Strike
0-1: Called Strike
0-2: Ball
Fernando Sosa is caught stealing 2nd base 2-6
Bottom of the 5th over - 1 run, 3 hits, 0 errors, 0 left on base; Louisiana State University 2 - University of Minnesota 2
TOP OF THE 6TH
Louisiana State University Tigers batting - Pitching for University of Minnesota Golden Gophers : RHP David Stewart
Now at 2B: Rich Tarver
Now at 3B: Benjie Alejandro
Now in LF: Willie Camacho
Batting: RHB Warren Carmichael 0-0: Called Strike
0-1: Foul Ball, location: 2F
0-2: Ball
1-2: Ground out 6-3 (Groundball, 6, EV 80.0 MPH)
Batting: LHB Garrett Moreau 0-0: Ball
1-0: Ground out 6-3 (Groundball, 6, EV 105.0 MPH)
Batting: SHB Jose Melendez 0-0: Ball
1-0: Foul Ball, location: 2F
1-1: Called Strike
1-2: Strikes out swinging
Top of the 6th over - 0 runs, 0 hits, 0 errors, 0 left on base; Louisiana State University 2 - University of Minnesota 2
BOTTOM OF THE 6TH
University of Minnesota Golden Gophers batting - Pitching for Louisiana State University Tigers : RHP Gerardo Guerra
Batting: RHB Rich Tarver 0-0: Called Strike
0-1: Ground out 6-3 (Groundball, 56, EV 80.6 MPH)
Batting: RHB Eric Tesler 0-0: Called Strike
0-1: Ball
1-1: Ball
2-1: Foul Ball, location: 2F
2-2: DOUBLE (Line Drive, 89D, EV 110.6 MPH)
Batting: RHB Alex Cardenas 0-0: Intentional Walk
Batting: RHB Jorge Martinez 0-0: Called Strike
0-1: Called Strike
0-2: Strikes out swinging
Pinch Hitting: RHB Miguel Sanchez 0-0: DOUBLE (Line Drive, 5D, EV 109.4 MPH)
Eric Tesler scores
Alex Cardenas to third
Runner from 3rd tries for Home, throw by LF and OUT! 7-6-2
Bottom of the 6th over - 1 run, 2 hits, 0 errors, 1 left on base; Louisiana State University 2 - University of Minnesota 3
TOP OF THE 7TH
Louisiana State University Tigers batting - Pitching for University of Minnesota Golden Gophers : RHP David Stewart
Pitching: RHP John Petley
Now in CF: Melvin Castillo
Pinch Hitting: LHB Adam De Bello 0-0: Foul Ball, location: 2F
0-1: Ball
1-1: Ball
2-1: Foul Ball, location: 2F
2-2: Ball
3-2: Base on Balls
Pinch Hitting: RHB Edgar Cuesta 0-0: Sac Bunt to 13S - play at first, batter OUT! 1-4
Adam De Bello to second
Batting: LHB Ângelo Schwn 0-0: Ball
1-0: Fly out, F8 (Flyball, 78M, EV 78.8 MPH)
Pinch Hitting: SHB Mario Mercado 0-0: Ball
1-0: Ball
2-0: Ball
3-0: Called Strike
3-1: Called Strike
3-2: Foul Ball, location: 2F
3-2: Foul Ball, location: 2F
3-2: Base on Balls
Pinch Hitting: SHB John Pullen 0-0: Ball
1-0: Called Strike
1-1: Ground out 4-3 (Groundball, 4, EV 76.9 MPH)
Top of the 7th over - 0 runs, 0 hits, 0 errors, 2 left on base; Louisiana State University 2 - University of Minnesota 3
BOTTOM OF THE 7TH
University of Minnesota Golden Gophers batting - Pitching for Louisiana State University Tigers : RHP Gerardo Guerra
Now at 2B: Edgar Cuesta
Now at 3B: Flynn Robinson
Now at SS: Mario Mercado
Now in LF: John Pullen
Batting: RHB Curtis Montgomery 0-0: Ball
1-0: Foul Ball, location: 2F
1-1: Ball
2-1: Foul Ball, location: 2F
2-2: Fly out, F7 (Flyball, 7D, EV 92.5 MPH)
Batting: SHB Chris Arra 0-0: Swinging Strike
0-1: Ball
1-1: Swinging Strike
1-2: Strikes out swinging
Batting: RHB Willie Camacho 0-0: Ball
1-0: Called Strike
1-1: Ground out 6-3 (Groundball, 6, EV 99.4 MPH)
Bottom of the 7th over - 0 runs, 0 hits, 0 errors, 0 left on base; Louisiana State University 2 - University of Minnesota 3
TOP OF THE 8TH
Louisiana State University Tigers batting - Pitching for University of Minnesota Golden Gophers : RHP John Petley
Batting: RHB Andy Marinez 0-0: Ball
1-0: Ground out 4-3 (Groundball, 34, EV 107.5 MPH)
Pinch Hitting: SHB Ryan Marsh 0-0: Fly out, F7 (Flyball, 78XD, EV 94.4 MPH)
Pinch Hitting: RHB Eddie Ramirez 0-0: Ground out 5-3 (Groundball, 5L, EV 111.9 MPH)
Top of the 8th over - 0 runs, 0 hits, 0 errors, 0 left on base; Louisiana State University 2 - University of Minnesota 3
BOTTOM OF THE 8TH
University of Minnesota Golden Gophers batting - Pitching for Louisiana State University Tigers : RHP Gerardo Guerra
Pitching: LHP Ismael de Haro
Now at 1B: Elijah Loetzsch
Now in RF: Bob Govella
Batting: RHB Benjie Alejandro 0-0: Ball
1-0: Ball
2-0: Ball
3-0: Called Strike
3-1: Swinging Strike
3-2: Base on Balls
Batting: RHB Rich Tarver 0-0: Bunt missed!
0-1: Reached on error, E1 (Groundball, 15S, EV 43.8 MPH)
Benjie Alejandro to second
Pinch Runner at 2nd Felipe Saravia:
Pinch Hitting: RHB Jesus Duran 0-0: Bunt missed!
0-1: Bunt missed!
0-2: Ball
1-2: Ground out 5-3 (Groundball, 5S, EV 78.1 MPH)
Felipe Saravia to third
Rich Tarver to second
Pinch Hitting: RHB David Gomez 0-0: Ball
1-0: Called Strike
1-1: Fly out, F8 (Flyball, 89M, EV 82.5 MPH)
Runner from 3rd tags up, SCORES, throw by CF
Rich Tarver to third
Pinch Hitting: LHB Shohei Nishi 0-0: Called Strike
0-1: 2-RUN HOME RUN (Flyball, 89XD, EV 101.2 MPH), Distance : 429 ft
Pitching: RHP Teruhiko Ushijima
Batting: LHB Melvin Castillo 0-0: Foul Ball, location: 2F
0-1: Foul Ball, location: 2F
0-2: Strikes out swinging
Bottom of the 8th over - 3 runs, 1 hit, 1 error, 0 left on base; Louisiana State University 2 - University of Minnesota 6
TOP OF THE 9TH
Louisiana State University Tigers batting - Pitching for University of Minnesota Golden Gophers : RHP John Petley
Now at 1B: Ramiro Vega
Now at 3B: Shu-yen Shan
Now at SS: Remy Zanelli
Now in RF: Ledvik Volf
Pinch Hitting: RHB Zach Craft 0-0: Ground out 5-3 (Groundball, 5S, EV 82.5 MPH)
Pinch Hitting: RHB Bob Ortiz 0-0: Ball
1-0: Swinging Strike
1-1: Swinging Strike
1-2: Strikes out swinging
Batting: RHB Edgar Cuesta 0-0: Foul Ball, location: 2F
0-1: Ground out 6-3 (Groundball, 56, EV 99.4 MPH)
Top of the 9th over - 0 runs, 0 hits, 0 errors, 0 left on base; Louisiana State University 2 - University of Minnesota 6
Thursday, March 31st , 2022 - OOTP Baseball 22.12 Build 89